 Dungeon Sprint DCSS version 0.19.1 (webtiles) character file.

205 equalderp2856 the Gouger (level 5, -16/28 HPs)
             Began as a Felid Fighter on Dec 20, 2016.
             Was a Follower of Fedhas.
             Demolished by a lindwurm (shapeshifter) (18 damage)
             ... in the Dungeon (Sprint IX: "|||||||||||||||||||||||||||||").
             The game lasted 00:02:32 (777 turns).

equalderp2856 the Gouger (Felid Fighter)             Turns: 777, Time: 00:02:33

Health: -16/28     AC:  4    Str: 13    XL:     5   Next: 53%
Magic:  6/6        EV: 26    Int: 13    God:    Fedhas [*.....]
Gold:   0          SH:  0    Dex: 16    Spells: 0 memorised, 4 levels left
                                        Lives:  0   Deaths: 2

rFire  . . .     SeeInvis +       - Unarmed
rCold  . . .     Gourm    .     (armour unavailable)
rNeg   . . .     Faith    .     (shield unavailable)
rPois  .         Spirit   .     (helmet unavailable)
rElec  .         Reflect  .     (cloak unavailable)
rCorr  .         Harm     .     (gloves unavailable)
MR     .....     NoTele   +     (boots unavailable)
Stlth  +++.......               (no amulet)
                                n - +3 ring of intelligence
                                m - +2 ring of protection

@: quick
A: no armour, no weapons or thrown items, stealth, claws 1, fangs 3, see
invisible, carnivore 3, speed 1, shaggy fur 2, slow metabolism 1, sharp paws
a: Fungal Bloom, Evolution, Renounce Religion


You were in the Dungeon.
You worshipped Fedhas.
Fedhas was aware of your devotion.
You were not hungry.

You visited 1 branch

Inventory:

Jewellery
 m - a +2 ring of protection (left paw)
 n - a +3 ring of intelligence (right paw)
 t - an uncursed ring of ice
 u - an uncursed ring of protection from fire
Wands
 l - a wand of iceblast (7/15)
Scrolls
 h - 2 scrolls of blinking
 j - 4 scrolls of remove curse
 k - 2 scrolls of amnesia
 q - 3 scrolls of recharging
 r - 4 scrolls of fear
 s - a scroll of fog
Potions
 a - a potion of might
 c - 9 potions of curing
 d - 6 potions of heal wounds
 e - a potion of haste
 f - 4 potions of magic
 g - 2 potions of berserk rage
 i - a potion of invisibility
 o - 2 potions of agility
 v - a potion of cure mutation
Comestibles
 b - a meat ration
 p - 5 fruits


   Skills:
 + Level 6.8 Fighting
 + Level 10.6 Dodging
 + Level 2.2 Stealth
 + Level 12.9 Unarmed Combat


You had 4 spell levels left.
You didn't know any spells.

Dungeon Overview and Level Annotations

Branches:
Dungeon (1/1)

Altars:
Cheibriados
Dithmenos
Elyvilon
Fedhas
Gozag
Hepliaklqana
Kikubaaqudgha
Makhleb
Nemelex Xobeh
Okawaru
Qazlal
Ru
Sif Muna
Trog
Uskayaw
Vehumet
Xom
Yredelemnul
Zin
The Shining One
Beogh
Jiyva
Lugonu


Innate Abilities, Weirdness & Mutations

You cannot wear armour.
You are incapable of wielding weapons or throwing items.
Your paws allow you to move quietly. (Stealth)
You have sharp claws.
You have razor-sharp teeth.
You have supernaturally acute eyesight. (SInv)
You are carnivorous and can eat meat at any time.
You cover ground quickly.
You are covered in thick fur. (AC +2)
You have a slow metabolism.
Your sharp claws are effective at attacking unaware monsters.


Message History

You mangle the crimson imp!!
You kill the crimson imp!
The lindwurm breathes flames at you. The blast of flame hits you!
Ouch! That really hurt!
* * * LOW HITPOINT WARNING * * *
You claw the lindwurm!
You claw the lindwurm, but do no damage.
The lindwurm is lightly wounded.
You scratch the lindwurm but do no damage.
The lindwurm is lightly wounded.
The lindwurm completely misses you. The lindwurm misses you. x2
A cyclops comes into view.
The cyclops shouts!
You claw the lindwurm!
The lindwurm is heavily wounded.
The lindwurm bites you!!
Ouch! That really hurt!
You die...
Fedhas appreciates your contribution to the ecosystem.

▓▓▓▓▓▓▓▓▓▓▓▓▓▓▓▓▓▓▓▓▓▓▓▓▓▓
.[[[[[[[[.......@kCocc.C.c
▓▓▓▓▓▓▓▓▓▓▓▓▓▓▓▓▓▓▓▓▓▓▓▓▓▓
▓▓▓▓▓▓


SYtYrD You could see an orc knight, a centaur warrior, a lindwurm shaped
shifter, 2 cyclopes and a centaur.

Vanquished Creatures
  A yak (D)
  A hungry ghost (D)
  A water moccasin (D)
  An ogre (D)
  A bullfrog (D)
  A scorpion (D)
  A crimson imp (D)
  An adder (D)
  A dart slug (D)
  2 leopard geckos (D)
  An orc (D)
  2 bat zombies (D)
  A giant cockroach (D)
  2 hobgoblins (D)
  A quokka (D)
18 creatures vanquished.

Vanquished Creatures (others)
  A vampire mosquito (D)
1 creature vanquished.

Grand Total: 19 creatures vanquished

Notes
Turn   | Place    | Note
-------+----------+-------------------------------------------
     0 | D        | equalderp2856 the Felid Fighter began the quest for the Orb.
     0 | D        | Reached XP level 1. HP: 10/10 MP: 2/2
    15 | D        | Reached skill level 5 in Unarmed Combat
    18 | D        | Reached XP level 2. HP: 6/14 MP: 3/3
   223 | D        | Reached skill level 6 in Unarmed Combat
   329 | D        | Found a roughly hewn altar of Beogh.
   329 | D        | Found a snail-covered altar of Cheibriados.
   329 | D        | Found a shadowy altar of Dithmenos.
   329 | D        | Found a white marble altar of Elyvilon.
   329 | D        | Found a blossoming altar of Fedhas.
   329 | D        | Found an opulent altar of Gozag.
   330 | D        | Found a hazy altar of Hepliaklqana.
   331 | D        | Found a viscous altar of Jiyva.
   332 | D        | Found an ancient bone altar of Kikubaaqudgha.
   333 | D        | Found a corrupted altar of Lugonu.
   334 | D        | Found a burning altar of Makhleb.
   335 | D        | Found a sparkling altar of Nemelex Xobeh.
   336 | D        | Found an iron altar of Okawaru.
   337 | D        | Found a stormy altar of Qazlal.
   338 | D        | Found a sacrificial altar of Ru.
   339 | D        | Found a deep blue altar of Sif Muna.
   340 | D        | Found a bloodstained altar of Trog.
   341 | D        | Found a hide-covered altar of Uskayaw.
   342 | D        | Found a radiant altar of Vehumet.
   343 | D        | Found a shimmering altar of Xom.
   344 | D        | Found a basalt altar of Yredelemnul.
   345 | D        | Found a glowing silver altar of Zin.
   356 | D        | Became a worshipper of Fedhas Madash
   367 | D        | Found a glowing golden altar of the Shining One.
   392 | D        | Noticed a yak
   392 | D        | Noticed a hungry ghost
   392 | D        | Noticed a water moccasin
   392 | D        | Noticed an ogre
   392 | D        | Noticed a scorpion
   400 | D        | Killed a yak
   400 | D        | Reached skill level 5 in Fighting
   400 | D        | Reached skill level 9 in Unarmed Combat
   400 | D        | Reached XP level 3. HP: 10/19 MP: 4/4
   400 | D        | Reached XP level 4. HP: 12/23 MP: 5/5
   400 | D        | Reached XP level 5. HP: 14/26 MP: 6/6
   409 | D        | Killed a hungry ghost
   409 | D        | Reached skill level 1 in Stealth
   409 | D        | Reached skill level 10 in Unarmed Combat
   409 | D        | Gained mutation: You are covered in thick fur. (AC +2) [Felid growth]
   409 | D        | Reached XP level 6. HP: 14/31 MP: 7/7
   416 | D        | Killed a water moccasin
   416 | D        | Reached skill level 11 in Unarmed Combat
   420 | D        | Reached skill level 12 in Unarmed Combat
   421 | D        | Reached XP level 7. HP: 25/35 MP: 8/8
   516 | D        | Noticed a vampire mosquito
   516 | D        | Noticed a catoblepas
   516 | D        | Noticed a vampire mosquito
   518 | D        | Reached skill level 10 in Dodging
   551 | D        | Killed a vampire mosquito
   563 | D        | Killed from afar by a catoblepas
   564 | D        | Reached XP level 6. HP: -1/31 MP: 7/7
   705 | D        | Noticed a basilisk
   705 | D        | Noticed a water moccasin
   705 | D        | Noticed a yak
   705 | D        | Noticed a yak
   705 | D        | Noticed a porcupine
   706 | D        | Noticed a water moccasin
   709 | D        | Noticed a five-headed hydra
   717 | D        | Slain by a basilisk
   718 | D        | Reached XP level 5. HP: -5/28 MP: 6/6
   758 | D        | Reached * piety under Fedhas
   767 | D        | Noticed a hippogriff
   767 | D        | Noticed a cyclops
   767 | D        | Noticed an orc knight
   767 | D        | Noticed a centaur
   767 | D        | Noticed a centaur warrior
   769 | D        | Noticed a lindwurm
   769 | D        | a hippogriff changed into a lindwurm
   777 | D        | Noticed a cyclops
   777 | D        | Demolished by a lindwurm (shapeshifter)

Skill      XL: |  1  2  3  4  5  6  7 |
---------------+----------------------+-----
Unarmed Combat | 5 9 10 12 | 12.9
Fighting       | 5 6 |  6.8
Dodging        | 7 8 9 10 | 10.6
Stealth        | 1 2 |  2.2

Action                   |  1- 3 |  4- 6 |  7- 9 || total
-------------------------+-------+-------+-------++-------
Melee: Unarmed           |    34 |    28 |     7 ||    69
       Bite              |     2 |     2 |       ||     4
       Punch             |       |     5 |     1 ||     6
  Use: Potion            |       |     3 |       ||     3
 Stab: Sleeping          |     1 |       |       ||     1
  Eat: Chunk             |     1 |       |       ||     1
Armor: Skin              |       |       |     1 ||     1
Dodge: Dodged            |    26 |    16 |     7 ||    49
